 Dungeon Crawl Stone Soup version 0.31-a0-1206-g41278d8d1d (webtiles) character file.

Game seed: 10199485266626011725

375 bmb222 the Trooper (level 6, -2/56 HPs)
             Began as a Ghoul Monk on Dec 13, 2023.
             Killed by an exploding Pikel (17 damage)
             ... ignited by their inner flame
             ... on level 5 of the Dungeon.
             The game lasted 00:02:42 (2087 turns).

bmb222 the Trooper (Ghoul Monk)                     Turns: 2087, Time: 00:02:43

Health: -2/56      AC:  6    Str: 15      XL:     6   Next: 72%
Magic:  5/5        EV: 15    Int:  6 (9)  God:
Gold:   238        SH:  0    Dex: 13      Spells: 5/5 levels left

rFire   . . .        h - +2 short sword (venom)
rCold   + . .        d - orb {light}
rNeg    + + +        m - +0 scale mail
rPois   ∞            (no helmet)
rElec   .            (no cloak)
rCorr   .            (no gloves)
SInv    .            (no boots)
Will    .....        (no amulet) Stlth
                     n - +5 ring of evasion
HPRegen 0.29/turn    (no ring)
MPRegen 0.09/turn

%: no passive effects
@: weak-willed, attractive, enlightened, flying, glowing
A: claws 1, cold resistance 1, negative energy resistance 3, inhibited
regeneration, torment resistance 2, devour on kill
a: no special abilities


You were on level 5 of the Dungeon.
You visited 1 branch of the dungeon, and saw 4 of its levels.

You collected 238 gold pieces.

Inventory:

Hand Weapons
 a - a +0 falchion
 h - a +2 short sword of venom (weapon)
Missiles
 s - 6 poisoned darts
Armour
 b - a +0 robe
 d - an orb of light (worn)
 m - a +0 scale mail (worn)
Jewellery
 n - a +5 ring of evasion (left claw)
Scrolls
 f - 2 scrolls of fog
Potions
 c - a potion of ambrosia
 i - a potion of lignification


   Skills:
 + Level 5.1 Fighting
 + Level 4.6 Long Blades
 + Level 0.3 Throwing
 * Level 2.3 Armour
 - Level 3.3 Dodging


You had 5 spell levels left.
You didn't know any spells.
Your spell library contained the following spells:

 Spells                   Type           Power      Damage    Failure   Level
 Summon Small Mammal      Summ           0%         N/A       88%         1
 Call Canine Familiar     Summ           0%         N/A       99%         3
 Summon Guardian Golem    Hex/Summ       0%         N/A       99%         3


Dungeon Overview and Level Annotations

Branches:
Dungeon (3/15)

Altars:


Innate Abilities, Weirdness & Mutations

You are immune to poison.
You have sharp fingernails.
Your flesh is cold resistant. (rC+)
You are immune to negative energy. (rN+++)
You do not regenerate when monsters are visible.
You are immune to unholy pain and torment.
You thrive by killing the living.


Message History

The lemure hits you but does no damage. The lemure attacks as it pursues you!
The lemure misses you. The lemure attacks as it pursues you!
The lemure hits you but does no damage. The lemure attacks as it pursues you!
The lemure barely misses you. The lemure closely misses you.
Pikel is attracted toward you. Pikel is attracted toward you.
The lemure is attracted toward you.
Okay, then.
As you read the scroll labelled HAOZXE KIFO, it crumbles to dust.
Magic quickly surges around you.
It was a scroll of vulnerability.
Your unliving flesh cannot be transformed in this way.
Unknown command.
You hit Pikel but do no damage. You hit Pikel but do no damage.
Pikel is poisoned.
Pikel zaps a wand.
Your mind is blasted!
* * * LOW HITPOINT WARNING * * *
You barely miss Pikel.
Pikel hits you with a +0 whip of freezing!
* * * LOW HITPOINT WARNING * * *
Pikel freezes you.
* * * LOW HITPOINT WARNING * * *
You hit Pikel but do no damage.
Flame seeps out of Pikel.
Pikel is engulfed in blazing flames.
Flame seeps out of Pikel.
Pikel misses you.
Okay, then.
It was a potion of curing.
You feel better.
Pikel is engulfed in blazing flames.
Flame seeps out of Pikel.
Pikel misses you.
You hit Pikel but do no damage.
Pikel looks as sick as possible!
Pikel is heavily wounded.
Flame seeps out of Pikel.
Pikel is engulfed in blazing flames.
Flame seeps out of Pikel.
Pikel hits you but does no damage.
You hit Pikel but do no damage.
Pikel looks as sick as possible!
Pikel is almost dead.
Flame seeps out of Pikel.
Pikel is engulfed in blazing flames.
You feel better.
With Pikel's spell broken, his former minions thank you for their freedom.
The lemure departs this earthly plane. x3
Pikel explodes!
The fiery explosion engulfs you!
You die...

....#.....# #........
....#.....# #........
....#.....# #........
##'##.....# #........
#.........####........
#....###+##....#######
'....#....#....'..#
#....#....#....#..#
#....#'####....#@##
............#+##°#
............#.§§§#
............#..§§#
............#.§§§#
............#§§§§#
....####....##§###
....+ #.....5.....#
.... #...........#


There were no monsters in sight!

Vanquished Creatures
  Pikel (D:5)
  Sigmund (D:2)
  An ogre (D:5)
  A hound (D:5)
  3 adders
  2 worms (D:2)
  4 dart slugs
  5 bats
  4 endoplasms
  3 giant cockroaches
  5 goblins
  4 hobgoblins
  3 quokkas
  5 ball pythons
  3 frilled lizards
  3 kobolds
  6 rats
54 creatures vanquished.

Notes
Turn   | Place    | Note
-------+----------+-------------------------------------------
     0 | D:1      | bmb222 the Ghoul Monk began the quest for the Orb.
     0 | D:1      | Reached XP level 1. HP: 19/19 MP: 0/0
   107 | D:1      | Reached XP level 2. HP: 10/26 MP: 1/1
   807 | D:2      | Reached XP level 3. HP: 31/31 MP: 2/2
  1285 | D:2      | Noticed Sigmund
  1297 | D:2      | Killed Sigmund
  1298 | D:2      | Reached skill level 4 in Fighting
  1298 | D:2      | Reached skill level 1 in Armour
  1298 | D:2      | Reached XP level 4. HP: 27/41 MP: 3/3
  1298 | D:2      | Reached XP level 5. HP: 31/47 MP: 4/4
  1298 | D:2      | Reached XP level 6. HP: 35/53 MP: 5/5
  1808 | D:3      | You fall into a shaft and drop 2 floors!
  1808 | D:5      | Entered Level 5 of the Dungeon
  1945 | D:5      | Reached skill level 5 in Fighting
  2062 | D:5      | Noticed Pikel
  2087 | D:5      | Killed Pikel
  2087 | D:5      | Killed by an exploding Pikel... ignited by their inner
                  | flame

Illustrated notes

Levels and vault maps discovered:
D:1:      nicolae_arrival_somewhat_less_tricky_arrival, layout_basic,
          minmay_bisected
D:2:      layout_basic, skrybe_limestone_x, uniq_sigmund
D:3:      layout_rooms, lemuel_zombie_altar_kikubaaqudgha,
          shapermc_ecumenical_altar_mp_vishouse
D:5:      layout_gridville, uniq_pikel, uniq_menkaure

Skill      XL: |  1  2  3  4  5  6 |
---------------+-------------------+-----
Long Blades    | 3 4 |  4.6
Dodging        | 3 |  3.3
Fighting       | 4 5 |  5.1
Armour         | 1 2 |  2.3
Throwing       | |  0.3

Action                     |  1- 3 |  4- 6 || total
---------------------------+-------+-------++-------
  Melee: Falchion          |    29 |       ||    29
         Short sword       |    49 |    54 ||   103
  Throw: Dart              |       |     6 ||     6
         Throwing net      |       |     1 ||     1
    Use: Scroll            |       |     5 ||     5
         Potion            |       |     4 ||     4
 Armour: Robe              |    36 |       ||    36
         Scale mail        |     8 |    29 ||    37
  Dodge: Dodged            |    58 |    51 ||   109

Table legend: (Time is in decaauts)
 A = Elapsed time spent in this place.
 B = Non-inter-level travel time spent in this place.
 C = Inter-level travel time spent in this place.
 D = Time resting spent in this place.
 E = Time spent auto-exploring this place.
 F = Levels seen in this place.
 G = Mean time per level.
                   A        B        C        D        E       F      G
               +--------+--------+--------+--------+--------+-----+--------+
         Total |   2078 |   2013 |     65 |    429 |   1190 |   4 |  519.5 |
       Dungeon |   2078 |   2013 |     65 |    429 |   1190 |   4 |  519.5 |
               +--------+--------+--------+--------+--------+-----+--------+

Top non-repeatable levels by time:
     D:2: 835 daAuts
     D:1: 804 daAuts
     D:5: 276 daAuts
     D:3: 162 daAuts
